 Dungeon Crawl Stone Soup version 0.17.1-1-g73c8601 (webtiles) character file.

261 PossumBlood the Shield-Bearer (level 6, -12/49 HPs)
             Began as a Formicid Fighter on Dec 18, 2015.
             Was a Follower of Okawaru.
             Mangled by an ogre
             ... wielding a +0 giant club
              (14 damage)
             ... on level 4 of the Dungeon.
             The game lasted 00:05:14 (2456 turns).

PossumBlood the Shield-Bearer (Formicid Fighter)    Turns: 2456, Time: 00:05:14

Health: -12/49     AC:  8    Str: 22    XL:     6   Next: 42%
Magic:  6/6        EV:  8    Int:  8    God:    Okawaru [*.....]
Gold:   172        SH: 10    Dex: 10    Spells: 0 memorised, 5 levels left

rFire  . . .     SeeInvis +     a - +0 long sword
rCold  . . .     Clarity  .     b - +0 scale mail
rNeg   . . .     SustAt   .     c - +0 shield
rPois  .         Gourm    .     (helmet unavailable)
rElec  .         Spirit   .     (no cloak)
rCorr  .         Warding  .     s - +0 pair of gloves
rMut   .         Stasis   +     (no boots)
MR     .....                    (no amulet)
Stlth  +.........               (no ring)
                                k - ring of stealth

@: not resistant to hostile enchantments, very unstealthy
A: permanent stasis, dig shafts and tunnels, four strong arms, antennae 3
a: Dig, Shaft Self, Heroism, Renounce Religion


You were on level 4 of the Dungeon.
You worshipped Okawaru.
Okawaru was aware of your devotion.
You were not hungry.

You visited 1 branch of the dungeon, and saw 4 of its levels.

You collected 172 gold pieces.

Inventory:

Hand Weapons
 a - a +0 long sword (weapon)
Armour
 b - a +0 scale mail (worn)
 c - a +0 shield (worn)
 s - a +0 pair of gloves (worn)
Jewellery
 k - a ring of stealth (left hand)
Scrolls
 e - a scroll of noise {unknown}
 l - 3 scrolls of identify {unknown}
 n - 2 scrolls of teleportation {unknown}
 o - 3 scrolls of enchant weapon {unknown}
Potions
 d - 2 potions of might
 f - a potion of agility {unknown}
 g - a potion of heal wounds {unknown}
 h - 4 potions of brilliance {unknown}
 i - a potion of cancellation {unknown}
 j - a potion of degeneration {unknown}
 m - 2 potions of poison {unknown}
 p - 2 potions of haste {unknown}
 q - a potion of curing {unknown}
 r - a potion of ambrosia {unknown}


   Skills:
 + Level 4.4 Fighting
 * Level 4.2 Long Blades
 + Level 4.5 Armour
 + Level 4.6 Shields


You had 5 spell levels left.
You didn't know any spells.

Dungeon Overview and Level Annotations

Branches:
Dungeon (4/15)
 Temple: D:4-7

Altars:
Elyvilon
Fedhas
Kikubaaqudgha
Okawaru


Innate Abilities, Weirdness & Mutations

You are under a permanent stasis effect.
You can dig through walls and to a lower floor.
Your four strong arms can wield two-handed weapons with a shield.
You have a pair of large antennae on your head (SInv).


Message History

The ogre hits you with a giant club.
You completely miss the ogre.
The ogre is heavily wounded.
The ogre hits you with a giant club!
* * * LOW HITPOINT WARNING * * *
You are too injured to fight recklessly!
You are too injured to fight recklessly!
You are too injured to fight recklessly!
You are too injured to fight recklessly!
You slash the ogre!
The ogre is almost dead.
The ogre hits you with a giant club!
* * * LOW HITPOINT WARNING * * *
You barely miss the ogre.
The ogre is almost dead.
You block the ogre's attack.
You hit the ogre.
The ogre is almost dead.
The ogre hits you with a giant club!
You die...

#. #.........
########... #.........
##......... #.........
.......### #.........
.....#.# #.........
..(....# .........
.⌠.⌠.#.## #####O.......
........####..##@.......
.....#..........##......
.._....#########>.......
.....#.# #####...
.......# .# .⌠.⌠.#.# #
.......# .....#. ....


You could see an ogre.

Vanquished Creatures
  Blork the orc (D:4)
  A giant frog (D:3)
  A wyvern skeleton (D:3)
  A shadow imp (D:3)
  2 giant geckos (D:2)
  11 orcs
  5 bats
  2 giant cockroaches
  7 goblins
  6 hobgoblins
  5 kobolds
  A quokka (D:2)
  A ball python (D:3)
  4 giant newts
  7 rats
55 creatures vanquished.

Notes
Turn   | Place    | Note
--------------------------------------------------------------
     0 | D:1      | PossumBlood the Formicid Fighter began the quest for the Orb.
     0 | D:1      | Reached XP level 1. HP: 18/18 MP: 1/1
   121 | D:1      | Reached XP level 2. HP: 24/24 MP: 2/2
   602 | D:2      | Found an iron altar of Okawaru.
   603 | D:2      | Found a blossoming altar of Fedhas.
   604 | D:2      | Found an ancient bone altar of Kikubaaqudgha.
   620 | D:2      | Became a worshipper of Warmaster Okawaru
   704 | D:2      | Reached XP level 3. HP: 29/29 MP: 3/3
  1116 | D:3      | Noticed a giant frog
  1131 | D:3      | Killed a giant frog
  1131 | D:3      | Reached skill level 4 in Armour
  1131 | D:3      | Reached XP level 4. HP: 17/37 MP: 4/4
  1131 | D:3      | Reached XP level 5. HP: 19/42 MP: 5/5
  1718 | D:3      | Noticed a wyvern skeleton
  1728 | D:3      | Killed a wyvern skeleton
  1774 | D:3      | Reached XP level 6. HP: 46/48 MP: 6/6
  1877 | D:3      | Found a faded altar to an unknown god.
  2106 | D:4      | Noticed Blork the orc
  2121 | D:4      | Killed Blork the orc
  2121 | D:4      | Reached * piety under Okawaru
  2425 | D:4      | Found a white marble altar of Elyvilon.
  2454 | D:4      | HP: 2/49 [ogre/giant club (11)]
  2456 | D:4      | Mangled by an ogre

Action                   |  1- 3 |  4- 6 || total
-------------------------+-------+-------++-------
Melee: Long sword        |   133 |    91 ||   224
  Use: Potion            |       |     1 ||     1
  Eat: Bread ration      |     1 |       ||     1
       Chunk             |       |     1 ||     1
